 Dungeon Crawl Stone Soup version 0.29.1-15-g9cfb28693d (webtiles) character file.

Game seed: 11750624513735243646

64 Eitelfritz the Slasher (level 3, -1/30 HPs)
             Began as a Minotaur Gladiator on Apr 28, 2023.
             Slain by an orc priest
             ... wielding a +0 dagger
              (3 damage)
             ... on level 3 of the Dungeon.
             The game lasted 00:01:56 (1861 turns).

Eitelfritz the Slasher (Minotaur Gladiator)         Turns: 1861, Time: 00:01:56

Health: -1/30      AC:  3    Str: 18    XL:     3   Next: 91%
Magic:  2/2        EV: 12    Int:  7    God:
Gold:   138        SH:  0    Dex: 11    Spells: 2/2 levels left

rFire   . . .      SeeInvis .   a - +0 long sword
rCold   . . .      Faith    .   (no shield)
rNeg    . . .      Spirit   .   b - +0 leather armour
rPois   .          Reflect  .   c - +0 hat
rElec   .          Harm     .   (no cloak)
rCorr   .          Rampage  .   (no gloves)
Will    .....                   (no boots)
Stlth   +.........              (no amulet)
HPRegen 0.10/turn               (no ring)
MPRegen 0.08/turn               (no ring)

@: no status effects
A: horns 2, retaliatory headbutt
a: no special abilities


You were on level 3 of the Dungeon.
You visited 1 branch of the dungeon, and saw 3 of its levels.

You collected 138 gold pieces.

Inventory:

Hand Weapons
 a - a +0 long sword (weapon)
Missiles
 d - 3 throwing nets (quivered)
 e - a javelin
Armour
 b - a +0 leather armour (worn)
 c - a +0 hat (worn)
Scrolls
 g - a scroll of noise {unknown}
 j - a scroll of fear {unknown}
 k - 4 scrolls of identify {unknown}
 l - a scroll of teleportation {unknown}
Potions
 f - a potion of ambrosia {unknown}
 h - a potion of brilliance {unknown}
 i - a potion of flight {unknown}
 m - a potion of heal wounds {unknown}


   Skills:
 + Level 2.8 Fighting
 + Level 4.6 Long Blades
 + Level 2.2 Throwing
 + Level 1.3 Armour
 + Level 4.0 Dodging


You had 2 spell levels left.
You didn't know any spells.
Your spell library was empty.

Dungeon Overview and Level Annotations

Branches:
Dungeon (3/15)

Altars:


Innate Abilities, Weirdness & Mutations

You have a pair of horns on your head.
You reflexively headbutt those who attack you in melee.


Message History

You are frozen.
You hit the endoplasm.
You kill the endoplasm!
k - 4 scrolls labelled UTIZOR QYBI (gained 1)
You now have 138 gold pieces (gained 13).
An orc wizard and an orc priest come into view.
The orc wizard shouts!
The orc priest shouts!
The orc wizard moves out of view.
Found a scroll labelled DESIYCRO BICZO.
An orc comes into view. It is wielding a +0 dagger.
An orc comes into view. It is wielding a +0 short sword.
The orc shouts! x2; You hear a shout! x2
You closely miss the orc priest.
The orc priest calls down the wrath of Beogh upon you.
Beogh smites you!
You barely miss the orc priest. Your headbutt misses the orc priest.
The orc priest hits you with a +0 dagger.
An orc comes into view. It is wielding a +0 whip.
You hit the orc priest.
The orc priest is moderately wounded.
The orc priest hits you with a +0 dagger.
An orc wizard comes into view. It is wielding a +0 dagger.
You hit the orc priest.
The orc priest is heavily wounded.
The orc priest completely misses you.
You barely miss the orc priest. You headbutt the orc priest.
The orc priest is almost dead.
The orc priest closely misses you.
The orc wizard gestures wildly while chanting.
The orc wizard flickers and vanishes!
Deactivating autopickup; reactivate with Ctrl-A.
The orc priest invokes the aid of Beogh against you.
Beogh smites you!
* * * LOW HITPOINT WARNING * * *
The orc wizard mumbles some strange words.
The orc wizard flickers and vanishes!
You hit the orc priest but do no damage.
The orc priest is almost dead.
The orc priest hits you with a +0 dagger.
You die...

..... ... ... ...
#.#.# #.o#######.#
. # #.{{oo@..#.#
#.#
...?o####.#.###.##
### #.......#...
#.#####.#.#.### #
#...#...#####
#.#####..†..#
#...#...###.#
#.#.#.### #.#
...#...# ##..


You could see an orc priest and 3 orcs.

Vanquished Creatures
  An adder (D:2)
  A worm (D:2)
  2 dart slugs
  4 ball pythons
  6 endoplasms
  3 giant cockroaches (D:1)
  3 goblins
  4 hobgoblins
  3 jackals (D:1)
  2 kobolds
  3 quokkas
  3 bats
  3 frilled lizards (D:1)
  6 rats
44 creatures vanquished.

Notes
Turn   | Place    | Note
-------+----------+-------------------------------------------
     0 | D:1      | Eitelfritz the Minotaur Gladiator began the quest for the
                  | Orb.
     0 | D:1      | Reached XP level 1. HP: 18/18 MP: 0/0
   133 | D:1      | Found a faded altar of an unknown god.
   184 | D:1      | Reached XP level 2. HP: 25/25 MP: 1/1
   507 | D:1      | Reached XP level 3. HP: 30/30 MP: 2/2
  1412 | D:2      | Reached skill level 1 in Armour
  1861 | D:3      | Slain by an orc priest

Illustrated notes

Levels and vault maps discovered:
D:1:      evilmike_arrival_hilbert_curve, layout_loops_ring,
          basic_ecumenical_altar
D:2:      layout_loops_cross
D:3:      layout_loops_ring, mainiacjoe_overflow_alcove_1, skrybe_limestone_x,
          kennysheep_generic_room_8

Skill      XL: |  1  2  3 |
---------------+----------+-----
Long Blades    | 4 |  4.6
Dodging        | 4 |  4.0
Armour         | 1 |  1.3
Fighting       | |  2.8
Throwing       | |  2.2

Action                   || total
-------------------------++-------
Melee: Long sword        ||    90
       Headbutt          ||    15
 Stab: Sleeping          ||     1
Armor: Leather armour    ||    21
Dodge: Dodged            ||    58
